Map: [ESL] Dragon Scales

Players

MaSa - Winner!

  • Race: Terran Terran
  • Spawn Location: 5:00

Nina

  • Race: Protoss Protoss
  • Spawn Location: 11:00

Event: ESL SC2 Masters 2023 Summer (Regionals)

VOD

Have the link to the VOD?

Description

Time

  • Played on: May 5, 2023, 3:47 p.m.
  • Length: 22:21

All games in this series

Show
View Real Time Build Order
Export as new Build Order

MaSa Terran - Winner!

Build Orders:  

Get SALT Encoding   

  12  0:00  SCV  
  13  0:12  SCV  
  14  0:17  Supply Depot  
  14  0:24  SCV  
  14  0:27  Refinery  
  15  0:38  SCV  
  16  0:43  Barracks  
  16  0:50  SCV  
  17  1:02  SCV  
  18  1:06  Supply Depot  
  18  1:15  SCV  
  19  1:30  Marine, Factory  
  19  1:31  Orbital Command  
  20  1:48  Barracks Reactor  
  20  1:57  SCV  
  21  2:09  Command Center  
  21  2:12  SCV  
  22  2:29  SCV  
  23  2:33  Starport  
  23  2:38  Supply Depot  
  23  2:40  Hellion  
  23  2:41  Hellion  
  27  2:47  SCV, Refinery  
  27  2:50  Barracks Tech Lab  
  28  3:00  SCV, Starport  
  28  3:02  Hellion  
  30  3:07  Hellion  
  30  3:11  Marine  
  33  3:13  SCV  
  34  3:21  Orbital Command  
  34  3:27  SCV  
  35  3:37  Medivac  
  35  3:39  Siege Tank  
  40  3:43  SCV  
  40  3:45  Marine x2  
  43  3:49  SCV  
  44  3:55  Refinery  
  44  3:58  SCV  
  45  4:03  Marine  
  45  4:04  Bunker, SCV  
  47  4:11  Marine, Siege Tank  
  47  4:12  Starport Tech Lab  
  52  4:18  Supply Depot  
  52  4:19  SCV  
  52  4:24  SCV  
  53  4:27  Marine  
  54  4:38  Supply Depot  
  54  4:40  Raven, SCV  
  57  4:46  SCV  
  54  4:54  Siege Tank  
  54  4:55  SCV  
  54  5:00  Marine x2  
  54  5:02  Barracks x2  
  54  5:03  SCV  
  54  5:05  Supply Depot  
  57  5:11  Engineering Bay  
  57  5:18  SCV  
  57  5:20  SCV  
  59  5:24  Supply Depot  
  59  5:25  Starport Reactor  
  59  5:41  Marine  
  59  5:42  SCV x2, Siege Tank  
  59  5:49  Marine  
  58  5:50  Marine  
  57  6:02  SCV  
  56  6:05  SCV  
  56  6:06  Barracks Reactor  
  57  6:14  SCV  
  57  6:17  Command Center  
  55  6:18  Starport Reactor  
  55  6:25  SCV  
  56  6:33  SCV  
  56  6:35  Marine x2  
  59  6:44  SCV  
  59  6:46  Marine x2  
  59  6:48  Stimpack, Marine  
  59  6:49  SCV  
  59  6:50  Barracks, Factory Reactor  
  59  6:51  Barracks  
  59  6:53  Terran Infantry Weapons Level 1, Marine  
  63  6:54  Armory  
  63  6:56  SCV  
  63  6:57  Marine  
  63  7:01  SCV  
  66  7:04  Marine x2  
  66  7:06  Medivac  
  66  7:07  Marine  
  71  7:11  Marine, SCV  
  71  7:13  SCV  
  71  7:15  Marine  
  75  7:19  Refinery  
  75  7:20  Medivac  
  75  7:22  Marine  
  78  7:29  SCV  
  79  7:30  Orbital Command  
  79  7:32  Marine x3  
  79  7:33  Marine  
  79  7:34  Widow Mine  
  85  7:40  SCV  
  85  7:44  Barracks Tech Lab  
  86  7:46  Marine x3, Engineering Bay  
  86  7:49  SCV  
  86  7:50  Marine  
  86  7:51  Marauder  
  93  8:08  Supply Depot x2  
  93  8:09  Marine x2, Medivac x2, SCV  
  93  8:12  Marine x3  
  101  8:19  Widow Mine x2, Marine  
  101  8:21  Marauder, Supply Depot  
  101  8:28  Orbital Command  
  101  8:29  Marine, SCV x2  
  101  8:31  Marine, Supply Depot  
  105  8:41  SCV x2  
  107  8:50  Marine  
  107  8:51  Marauder  
  107  8:53  SCV x2  
  111  8:56  SCV  
  111  8:59  Widow Mine x2, Marine, Marauder  
  108  9:06  SCV x2  
  108  9:07  Marine  
  108  9:08  Marine, SCV  
  113  9:12  Marauder  
  115  9:18  SCV x2  
  115  9:20  SCV, Marauder  
  120  9:24  Marine x4  
  120  9:26  Widow Mine  
  120  9:30  SCV  
  127  9:34  Marauder  
  129  9:39  SCV  
  129  9:42  Marauder  
  129  9:43  Marine x3  
  126  9:46  Concussive Shells, Combat Shield  
  126  9:47  SCV x2  
  126  9:51  Widow Mine, SCV  
  126  9:52  Widow Mine  
  133  10:04  SCV  
  133  10:05  Marine x2  
  133  10:06  Marine  
  133  10:08  SCV  
  133  10:09  Marauder  
  133  10:10  SCV  
  133  10:13  Supply Depot  
  133  10:14  Terran Infantry Weapons Level 2, Supply Depot  
  133  10:16  Terran Infantry Armor Level 1  
  133  10:23  Widow Mine, SCV, Medivac, Refinery x2, Marauder  
  140  10:31  Medivac  
  140  10:32  Marauder  
  135  10:37  Command Center  
  135  10:44  Marine  
  135  10:45  Marauder  
  135  10:49  SCV x2  
  138  10:51  Supply Depot  
  138  10:52  Supply Depot  
  138  10:53  Marauder, Medivac  
  138  10:54  Terran Ship Weapons Level 1  
  138  10:55  SCV  
  131  10:58  Marine x2  
  131  11:01  Medivac  
  131  11:04  SCV x2  
  136  11:06  Marauder  
  141  11:11  Widow Mine  
  141  11:12  Starport  
  141  11:14  Barracks  
  141  11:15  Barracks, Supply Depot  
  141  11:16  Barracks  
  141  11:17  SCV x2  
  141  11:22  Marine x3, Marauder  
  141  11:23  Medivac  
  148  11:31  Medivac  
  148  11:32  SCV  
  151  11:33  Marine, Marauder  
  154  11:44  Marine x5, Marauder  
  159  11:48  SCV x2  
  159  11:50  Marine  
  159  11:53  Medivac, Starport Reactor  
  162  11:54  Marauder  
  163  12:01  Marine, Medivac  
  163  12:05  Widow Mine, Marauder  
  163  12:06  Widow Mine  
  170  12:11  Marine x2  
  170  12:12  Marine x2  
  170  12:13  Marine  
  175  12:16  Marauder  
  175  12:19  Marine  
  178  12:23  Medivac  
  178  12:27  Marauder  
  178  12:29  Marine x3  
  184  12:31  Viking  
  184  12:34  Marine x2  
  184  12:35  Widow Mine x2  
  193  12:37  Marine, Marauder  
  193  12:48  Marauder  
  185  12:53  Viking  
  171  13:00  Marine x2  
  171  13:01  Marine x2, Medivac, Marauder  
  171  13:03  Marine x2  
  157  13:09  Widow Mine x2, Marauder  
  157  13:12  Planetary Fortress  
  163  13:14  Command Center  
  163  13:18  Marine  
  162  13:22  Marauder  
  162  13:23  Marine  
  162  13:25  Medivac x2  
  169  13:31  Marauder  
  169  13:33  Marine  
  172  13:40  Marine x2  
  178  13:41  Widow Mine x2  
  178  13:43  Marauder  
  161  13:52  Marauder  
  152  14:03  Widow Mine x2, Marine x6  
  152  14:05  Marauder  
  152  14:06  Terran Infantry Weapons Level 3, Terran Infantry Armor Level 2  
  152  14:09  Viking  
  148  14:10  Medivac x2  
  148  14:14  Marauder  
  148  14:15  Missile Turret  
  150  14:19  Barracks Reactor, Barracks Tech Lab x2  
  150  14:20  Marine  
  150  14:21  Marine x3  
  156  14:26  Marauder, Marine  
  156  14:27  Marine  
  156  14:28  Widow Mine x2  
  162  14:35  Marauder  
  162  14:36  Liberator  
  165  14:38  Marine  
  165  14:39  Liberator, Orbital Command  
  169  14:48  Marauder  
  169  14:49  Widow Mine x2  
  172  14:56  Marauder  
  172  14:57  Marine x7, Marauder x2  
  172  14:58  Marine  
  186  15:09  Marauder  
  186  15:11  Widow Mine  
  186  15:12  Command Center  
  184  15:29  Orbital Command  
  167  15:37  Widow Mine x2, Marine x5, Marauder x2  
  164  15:46  Medivac x2  
  164  15:49  Marine x2, Marauder x2  
  157  15:51  Medivac x2  
  146  16:04  Widow Mine  
  146  16:06  Widow Mine, Marine, Marauder  
  146  16:08  SCV x2  
  146  16:09  Marine x5, Marauder  
  146  16:10  Marine  
  146  16:11  Marauder  
  155  16:16  Medivac x2  
  155  16:18  Marine, Marauder  
  159  16:22  Terran Ship Weapons Level 2  
  159  16:23  Marine  
  159  16:25  Widow Mine  
  161  16:27  Marauder  
  161  16:29  Terran Infantry Armor Level 3  
  161  16:30  SCV  
  162  16:35  Command Center  
  162  16:38  Widow Mine  
  162  16:41  Medivac x2  
  162  16:44  Marine  
  162  16:45  Marauder  
  162  16:46  Medivac  
  162  16:47  Widow Mine  
  173  16:59  Widow Mine, Marine, Marauder  
  173  17:00  Marine x5, Marauder  
  173  17:01  Marauder  
  178  17:06  Planetary Fortress  
  178  17:08  Widow Mine, Ghost Academy  
  180  17:09  Marine x2, Marauder  
  184  17:17  Marine  
  184  17:18  Marine x4  
  184  17:21  Marauder x2  
  184  17:22  Marauder  
  183  17:24  Marine  
  183  17:27  Marine x2  
  180  17:31  Marauder  
  180  17:35  Widow Mine x2, Marine  
  184  17:42  Marauder x2  
  184  17:43  Liberator x3  
  184  17:44  Marauder  
  176  17:52  Marauder  
  176  17:55  Marine x4  
  176  17:57  Widow Mine x2  
  169  18:04  Marauder x2  
  169  18:05  Marauder, Marine  
  160  18:06  Marine  
  160  18:09  Medivac  
  160  18:12  Marine  
  160  18:14  Marauder  
  160  18:18  Widow Mine  
  162  18:23  SCV x2, Missile Turret  
  162  18:25  Marauder x2  
  162  18:26  Marauder, Medivac x2  
  174  18:35  Marauder, Marine  
  174  18:36  Marine, Missile Turret  
  174  18:40  Viking  
  180  18:46  Ghost x2  
  180  18:47  Medivac  
  180  18:48  Marauder  
  188  18:50  Marine  
  186  18:56  Marine x2, Medivac, Marauder  
  187  19:09  Marine, Marauder  
  186  19:15  Marauder x2  
  190  19:18  Marauder  
  192  19:30  Marauder  
  192  19:33  Marine  
  192  19:36  Marauder x2  
  172  19:38  Medivac x3  
  172  19:39  Marauder  
  172  19:41  Marine x2  
  172  19:42  Marine  
  172  19:45  Marine  
  183  19:52  Orbital Command, Marauder  
  185  19:58  Marauder x2  
  182  20:09  Marine x4, Marauder  
  182  20:13  Marauder  
  177  20:19  Marauder x2  
  179  20:25  Fusion Core, Liberator  
  179  20:29  Refinery x2  
  176  20:38  SCV  
  176  20:42  SCV  
  178  20:46  Marine x3, Marauder x3  
  178  20:47  Marauder  
  189  20:52  Marine, Refinery  
  189  20:53  Refinery  
  190  21:04  Marine  
  191  21:07  Marauder x3  
  191  21:08  Marauder  
  191  21:09  Marine  
  195  21:29  Marauder x2  
Show
View Real Time Build Order
Export as new Build Order

Nina Protoss 

Build Orders: 1 Gate Expand, Blink Stalkers 

Get SALT Encoding   

  12  0:00  Probe  
  13  0:12  Probe  
  14  0:17  Pylon  
  14  0:24  Probe  
  15  0:36  Probe (Chrono Boost)  
  15  0:37  Gateway  
  16  0:47  Probe (Chrono Boost)  
  17  0:51  Probe (Chrono Boost), Assimilator  
  18  1:03  Probe  
  19  1:17  Probe  
  20  1:25  Cybernetics Core  
  20  1:35  Nexus  
  20  1:43  Pylon  
  20  1:45  Probe  
  21  1:52  Assimilator  
  21  1:57  Probe  
  21  1:59  Stalker (Chrono Boost)  
  22  2:05  Warp Gate  
  24  2:09  Probe  
  25  2:21  Probe, Stalker  
  28  2:33  Probe (Chrono Boost)  
  28  2:39  Twilight Council  
  29  2:44  Probe (Chrono Boost)  
  29  2:49  Probe (Chrono Boost)  
  30  2:51  Stalker  
  30  2:56  Probe x2 (Chrono Boost)  
  34  3:03  Probe  
  35  3:07  Probe, Gateway  
  35  3:09  Blink (Chrono Boost)  
  36  3:15  Probe  
  37  3:21  Probe  
  38  3:27  Probe  
  38  3:29  Pylon  
  38  3:33  Probe  
  40  3:38  Robotics Facility  
  40  3:39  Probe  
  41  3:45  Probe, Assimilator  
  41  3:48  Assimilator  
  42  3:52  Probe  
  42  3:53  Stalker  
  45  4:00  Probe  
  46  4:04  Probe  
  46  4:05  Pylon, Stalker  
  49  4:12  Probe  
  49  4:16  Probe  
  51  4:18  Stalker  
  53  4:24  Probe, Shield Battery  
  53  4:26  Observer  
  53  4:28  Probe, Stalker  
  58  4:35  Pylon  
  58  4:36  Probe  
  51  4:50  Stalker  
  47  4:55  Probe (Chrono Boost)  
  47  4:58  Stalker  
  51  5:04  Probe (Chrono Boost)  
  51  5:07  Probe (Chrono Boost), Robotics Bay  
  52  5:12  Probe (Chrono Boost)  
  52  5:13  Probe (Chrono Boost)  
  54  5:18  Stalker  
  56  5:21  Probe  
  56  5:23  Probe, Stalker  
  58  5:39  Probe  
  57  5:42  Probe  
  57  5:50  Charge  
  57  5:51  Probe  
  57  5:54  Disruptor (Chrono Boost)  
  57  5:55  Probe  
  57  5:56  Zealot x2  
  63  6:03  Probe  
  67  6:07  Probe  
  67  6:09  Gateway  
  68  6:15  Probe  
  67  6:19  Probe  
  64  6:26  Zealot x2  
  64  6:31  Gateway  
  64  6:32  Gateway  
  68  6:33  Pylon, Gateway  
  68  6:38  Disruptor (Chrono Boost), Pylon  
  70  6:41  Pylon  
  70  6:44  Gateway  
  70  6:51  Probe x2  
  70  6:52  Zealot x2  
  76  7:04  Sentry  
  76  7:05  Disruptor  
  81  7:09  Probe  
  81  7:15  Nexus  
  82  7:21  Probe  
  83  7:22  Sentry  
  83  7:24  Pylon  
  83  7:27  Zealot  
  88  7:30  Probe  
  88  7:33  Pylon  
  88  7:34  Probe  
  89  7:37  Pylon  
  89  7:41  Stalker  
  89  7:42  Probe  
  92  7:46  Colossus (Chrono Boost)  
  98  7:53  Zealot  
  99  8:01  Probe  
  99  8:02  Probe  
  98  8:20  Probe  
  98  8:24  Shield Battery  
  97  8:27  Probe (Chrono Boost)  
  97  8:33  Zealot  
  97  8:34  Probe (Chrono Boost)  
  101  8:35  Probe (Chrono Boost)  
  99  8:44  Probe (Chrono Boost)  
  99  8:46  Zealot x2  
  99  8:47  Zealot  
  106  8:49  Probe (Chrono Boost)  
  100  9:04  Stalker x3  
  100  9:08  Stalker x2  
  100  9:09  Stalker  
  111  9:14  Probe (Chrono Boost)  
  111  9:16  Probe (Chrono Boost)  
  113  9:17  Probe (Chrono Boost)  
  113  9:21  Zealot  
  116  9:30  Probe (Chrono Boost)  
  117  9:32  Pylon x2  
  117  9:33  Pylon  
  117  9:38  Observer (Chrono Boost)  
  117  9:40  Probe x3  
  117  9:49  Pylon  
  117  9:50  Pylon  
  117  9:52  Probe  
  118  9:53  Probe  
  118  9:57  Forge  
  118  9:59  Zealot x2  
  120  10:00  Zealot x4  
  120  10:01  Forge  
  120  10:03  Probe (Chrono Boost)  
  117  10:09  Probe (Chrono Boost)  
  117  10:11  Probe (Chrono Boost)  
  117  10:14  Warp Prism (Chrono Boost)  
  116  10:15  Probe (Chrono Boost)  
  120  10:22  Shield Battery  
  120  10:23  Probe (Chrono Boost)  
  120  10:26  Probe (Chrono Boost)  
  115  10:37  Stalker x4  
  115  10:40  Protoss Ground Armor Level 1 (Chrono Boost)  
  115  10:41  Probe  
  124  10:48  Protoss Ground Weapons Level 1 (Chrono Boost)  
  124  10:55  Colossus  
  123  10:58  Probe (Chrono Boost)  
  123  11:03  Probe (Chrono Boost)  
  126  11:06  Probe (Chrono Boost)  
  126  11:08  Pylon  
  126  11:09  Probe (Chrono Boost), Shield Battery  
  127  11:11  Observer  
  127  11:16  Zealot x4  
  127  11:18  Probe x2 (Chrono Boost)  
  138  11:29  Probe (Chrono Boost)  
  138  11:32  Probe (Chrono Boost)  
  136  11:33  Probe (Chrono Boost)  
  136  11:37  Probe  
  139  11:41  Probe  
  139  11:44  Probe  
  141  11:49  Probe, Zealot x3  
  141  11:50  Zealot  
  141  11:51  Disruptor (Chrono Boost)  
  150  11:59  Observer  
  145  12:06  Assimilator  
  145  12:07  Assimilator  
  143  12:10  Nexus  
  143  12:20  Observer (Chrono Boost)  
  142  12:33  Zealot x4  
  142  12:34  Zealot x2  
  149  12:37  Zealot  
  149  12:42  Nexus  
  147  12:49  Probe  
  144  12:52  Probe  
  143  12:58  Zealot  
  143  12:59  Zealot x5  
  143  13:05  Disruptor  
  143  13:06  Probe  
  143  13:09  Pylon  
  146  13:13  Zealot  
  146  13:19  Zealot x4  
  146  13:28  Probe  
  146  13:29  Probe  
  148  13:40  Stalker x2  
  148  13:41  Disruptor, Stalker  
  138  13:57  Stalker x4  
  118  14:14  Probe  
  118  14:16  Probe  
  120  14:18  Protoss Ground Armor Level 2 (Chrono Boost)  
  120  14:21  Robotics Facility, Templar Archives  
  126  14:27  Probe x2  
  126  14:28  Probe x2, Protoss Ground Weapons Level 2 (Chrono Boost)  
  130  14:33  Zealot x6, Stalker  
  143  14:39  Colossus  
  143  14:41  Probe  
  137  14:46  Pylon  
  137  14:49  Photon Cannon  
  137  14:54  Probe  
  138  15:00  High Templar x4, Robotics Facility  
  138  15:02  Probe, High Templar x2  
  138  15:03  Probe  
  138  15:05  Archon x2  
  138  15:06  Archon  
  152  15:09  Robotics Facility  
  152  15:12  Probe  
  143  15:33  Zealot x4, Observer  
  111  15:54  Disruptor (Chrono Boost)  
  111  15:55  Stalker x4  
  111  15:56  Stalker  
  117  16:05  Probe  
  117  16:06  Disruptor (Chrono Boost)  
  117  16:08  Colossus (Chrono Boost)  
  117  16:14  Probe  
  117  16:15  Probe  
  117  16:16  Assimilator  
  117  16:17  Pylon, Assimilator  
  119  16:23  Pylon  
  119  16:24  Stalker x6  
  138  16:33  Observer (Chrono Boost)  
  138  16:38  Shield Battery  
  138  16:42  Pylon  
  138  16:46  Photon Cannon  
  138  16:47  Observer, Stalker x2  
  138  16:48  Disruptor  
  138  16:50  Stalker x3  
  143  17:03  Protoss Ground Armor Level 3  
  143  17:04  Protoss Ground Weapons Level 3  
  143  17:07  Zealot x2, Robotics Facility  
  143  17:08  Disruptor  
  150  17:17  Zealot x2  
  154  17:23  Disruptor  
  157  17:33  Zealot  
  157  17:34  Zealot x3  
  160  17:43  Disruptor  
  138  17:54  Disruptor  
  132  17:59  Disruptor  
  132  18:04  Zealot x5  
  145  18:11  Probe  
  146  18:19  Disruptor  
  149  18:22  Nexus  
  149  18:31  High Templar x5  
  149  18:32  High Templar  
  161  18:36  Archon x3  
  161  18:39  Disruptor  
  164  18:41  Pylon  
  155  19:09  Zealot x7  
  165  19:16  Disruptor  
  158  19:19  Disruptor  
  158  19:26  Disruptor  
  158  19:29  Zealot x3  
  165  19:31  Zealot  
  128  19:43  High Templar x2  
  121  19:47  Archon  
  121  19:51  Disruptor, Zealot x3  
  130  20:04  Disruptor  
  121  20:09  Disruptor  
  121  20:13  Stalker x3  
  126  20:21  Stalker x2  
  130  20:33  Disruptor (Chrono Boost)  
  129  20:40  Stalker x2  
  129  20:41  Stalker x2  
  137  20:47  Stalker x2  
  138  21:04  Stalker x3  
Tags
 
Add a new tag
Caveats
  • Supply blocks, unpowered buildings, or Contaminate may cause inaccurate times.
  • Supply counts are checked every 10 seconds.